 Dungeon Crawl Stone Soup version 0.17-a0-649-g87edefa (webtiles) character file.

10135 xeno23 the Envoy of Void (level 11, 14/86 HPs)
             Began as a Demonspawn Abyssal Knight on Apr 17, 2015.
             Was a High Priest of Lugonu.
             Starved to death
             ... in a labyrinth.
             The game lasted 01:34:57 (15642 turns).

xeno23 the Envoy of Void (DsAK)                    Turns: 15642, Time: 01:34:57

Health: 14/86      AC: 18    Str: 13    XL:     11   Next: 32%
Magic:  17/17      EV: 14    Int: 20    God:    Lugonu [*****.]
Gold:   552        SH:  6    Dex: 15    Spells: 0 memorised, 10 levels left

rFire  . . .     SeeInvis +     a - +1 falchion
rCold  . . .     Clarity  .     E - +1 ring mail of the Stars {MR+ Int+6}
rNeg   . . .     SustAb   .     d - +1 buckler
rPois  .         Gourm    .     P - +0 helmet {SInv}
rElec  .         Spirit   .     R - +2 cloak
rCorr  .         Warding  .     y - +1 pair of gloves
rMut   .         Stasis   .     u - +0 pair of boots
MR     +....                    (no amulet)
Stlth  +.........               (no ring)
                                (no ring)

@: starving, somewhat resistant to hostile enchantments, very unstealthy
A: hooves 2, slimy green scales 2, powered by pain 1, spiny 1
a: Depart the Abyss, Bend Space, Banish, Corrupt, Enter the Abyss, Renounce
Religion


You were in a labyrinth.
You worshipped Lugonu.
Lugonu was extremely pleased with you.
You were starving.

You visited 3 branches of the dungeon, and saw 13 of its levels.
You visited the Abyss 1 time.
You also visited: Labyrinth.

You collected 714 gold pieces.
You spent 162 gold pieces at shops.

Inventory:

Hand weapons
 a - a +1 falchion (weapon)
 t - a +2 dagger of venom
 V - a +0 blowgun
Missiles
 r - 60 poisoned needles
 Z - 4 javelins of returning (quivered)
Armour
 d - a +1 buckler (worn)
 u - a +0 pair of boots (worn)
 y - a +1 pair of gloves (worn)
 E - the +1 ring mail of the Stars (worn) {MR+ Int+6}
   (You bought it in a shop on level 4 of the Dungeon)

   It affects your intelligence (+6).
   It affects your resistance to hostile enchantments.
 P - a +0 helmet of see invisible (worn)
 R - a +2 cloak (worn)
Jewellery
 l - an uncursed amulet of rage
 S - an uncursed amulet of regeneration
Magical devices
 c - a wand of draining (4)
 J - a wand of random effects (39)
 M - a wand of frost (21)
 T - a wand of random effects (45)
Scrolls
 f - 4 scrolls of remove curse
 j - 3 scrolls of fog
 n - 3 scrolls of amnesia
 q - a scroll of recharging
 N - 4 scrolls of teleportation
 U - a scroll of enchant weapon
Potions
 b - a potion of magic
 e - a potion of cure mutation {unknown}
 g - a potion of lignification {unknown}
 i - 4 potions of curing
 o - a potion of haste
 p - 2 potions of cancellation {unknown}
 s - 2 potions of brilliance
 v - 2 potions of invisibility
 w - a potion of berserk rage {unknown}
 z - a potion of agility
 A - 2 potions of restore abilities {unknown}
 B - 4 potions of resistance
 H - a potion of heal wounds {unknown}
 I - a potion of mutation {unknown}
 O - a potion of flight {unknown}


   Skills:
 * Level 7.8 Fighting
 + Level 6.1 Long Blades
 + Level 6.6 Armour
 + Level 6.1 Dodging
 - Level 4.2 Shields
 + Level 9.2 Invocations
 * Level 8.1 Evocations


You had 10 spell levels left.
You didn't know any spells.

Dungeon Overview and Level Annotations

Branches:
Dungeon (11/15)            Temple (1/1) D:6            Lair (1/8) D:11
    Orc: D:9-12

Altars:
Ashenzari
Cheibriados
Dithmenos
Elyvilon
Fedhas
Gozag
Kikubaaqudgha
Makhleb
Nemelex Xobeh
Okawaru
Qazlal
Ru
Sif Muna
Trog
Vehumet
Xom
Yredelemnul
Zin
The Shining One

Shops:
D:4 [


Innate Abilities, Weirdness & Mutations

You have hoof-like feet.
You are mostly covered in slimy green scales (AC +3).
You sometimes gain a little power by taking damage.
You are partially covered in sharp spines.


Message History

* * * LOW HITPOINT WARNING * * *
You block the minotaur skeleton's attack.
You hit the minotaur skeleton.
You take 24 damage.
You hit the minotaur skeleton but do no damage.
The minotaur skeleton hits you!
* * * LOW HITPOINT WARNING * * *
The minotaur skeleton gores you but does no damage.
You take 10 damage.
Read which item? (? for menu, Esc to quit)
As you read the scroll of teleportation, it crumbles to dust.
You feel strangely unstable.
The minotaur skeleton closely misses you.
You block the minotaur skeleton's attack.
You slash the minotaur skeleton!
Your surroundings suddenly seem different.
You lose consciousness!
You can move again.
You have starved to death.
You die...

####. ..
.. ..
##.8.##.#
#8...8..
#..#..##
#8...8...
####.8.##
#....@..#
#.#.#.###
# #...# #
#.###
#.#.#
.### ...
#.# #.#


There were no monsters in sight!

Vanquished Creatures
  A hydra (D:8)
  A hill giant (D:11)
  Pikel (D:7)
  A black mamba (Lair:1)
  Joseph (D:7)
  Psyche (D:9)
  A gargoyle (D:9)
  A komodo dragon (Lair:1)
  A troll (D:10)
  A steam dragon (D:8)
  5 yaks
  A wyvern (D:10)
  A hippogriff (D:7)
  2 hungry ghosts
  A porcupine (Lair:1)
  2 water moccasins
  4 ice beasts
  3 orc warriors
  A phantom (D:6)
  A necrophage (D:9)
  A crocodile (D:9)
  2 ogres
  2 slaves (D:7)
  2 centaurs
  A black bear (D:7)
  A wasp (D:10)
  5 big kobolds
  7 giant frogs
  3 scorpions
  A wyvern skeleton (D:10)
  4 wights (D:9)
  6 killer bees (D:7)
  5 crimson imps
  2 giant frog zombies
  4 wandering mushrooms (Lab)
  2 jellies
  6 orc priests
  Crazy Yiuf (D:7)
  A wasp zombie (D:8)
  14 orc wizards
  2 giant frog skeletons
  4 iguanas
  4 worker ants
  2 hounds
  2 sheep (D:8)
  2 worker ant zombies
  3 gnolls (D:3)
  8 adders
  2 shadow imps
  3 worms
  An adder skeleton (D:4)
  An adder zombie (D:9)
  41 orcs
  A ball python (D:2)
  14 bats
  A bat skeleton (D:6)
  A bat zombie (D:7)
  6 giant cockroaches
  9 goblins
  14 hobgoblins
  21 jackals
  6 quokkas
  6 giant geckos
  A giant gecko skeleton (D:7)
  4 giant newts
  A giant spore (D:6)
  19 kobolds
  36 rats
  5 ballistomycetes (D:7)
321 creatures vanquished.

Vanquished Creatures (others)
  A spiny frog (Lair:1)
  A black bear (D:7)
  A giant newt (D:2)
  A giant spore (D:7)
4 creatures vanquished.

Grand Total: 325 creatures vanquished

Notes
Turn   | Place    | Note
--------------------------------------------------------------
     0 | Abyss:1  | xeno23, the Demonspawn Abyssal Knight, began the quest for the Orb.
     0 | Abyss:1  | Reached XP level 1. HP: 18/18 MP: 2/2
    70 | Abyss:1  | Noticed a chaos spawn
    88 | Abyss:1  | Noticed a ynoxinul
   107 | Abyss:1  | Noticed a small abomination
   114 | D:1      | Escaped the Abyss
   210 | D:1      | Reached skill level 1 in Dodging
   582 | D:1      | Acquired Lugonu's first power
   636 | D:1      | Gained mutation: You sometimes gain a little power by taking damage. [demonic ancestry]
   636 | D:1      | Reached XP level 2. HP: 24/24 MP: 4/4
  1424 | D:2      | Gained mutation: You have large cloven feet. [demonic ancestry]
  1424 | D:2      | Reached XP level 3. HP: 12/29 MP: 5/5
  2144 | D:2      | Found a sparkling altar of Nemelex Xobeh.
  2559 | D:3      | Noticed a water moccasin
  2600 | D:3      | Gained mutation: You are partially covered in slimy green scales (AC +2). [demonic ancestry]
  2600 | D:3      | Reached XP level 4. HP: 35/35 MP: 6/6
  2610 | D:3      | Acquired Lugonu's second power
  2637 | D:3      | Killed a water moccasin
  2637 | D:3      | Reached skill level 1 in Shields
  2637 | D:3      | Gained mutation: You are mostly covered in slimy green scales (AC +3). [demonic ancestry]
  2637 | D:3      | Reached XP level 5. HP: 6/42 MP: 7/7
  3484 | D:3      | Gained mutation: You are partially covered in sharp spines. [demonic ancestry]
  3484 | D:3      | Reached XP level 6. HP: 33/48 MP: 8/8
  3487 | D:3      | Reached skill level 4 in Invocations
  3689 | D:3      | Acquired Lugonu's third power
  4241 | D:4      | Gained mutation: You have hoof-like feet. [demonic ancestry]
  4241 | D:4      | Reached XP level 7. HP: 47/55 MP: 10/10
  4325 | D:4      | Found Loymp's Antique Armour Shoppe.
  4473 | D:4      | Reached skill level 5 in Invocations
  4742 | D:4      | Acquired Lugonu's fourth power
  4859 | D:4      | Bought an ichor-stained ring mail for 162 gold pieces
  4870 | D:4      | Identified the cursed +1 ring mail of the Stars {MR+ Int+6} (You bought it in a shop on level 4 of the Dungeon)
  4907 | D:5      | Entered Level 5 of the Dungeon
  5385 | D:5      | Reached skill level 1 in Evocations
  5837 | D:6      | Reached XP level 8. HP: 44/61 MP: 12/12
  6192 | D:6      | Reached skill level 5 in Fighting
  6410 | D:6      | Found a staircase to the Ecumenical Temple.
  6971 | D:7      | Reached skill level 6 in Invocations
  7010 | D:6      | Acquired Lugonu's fifth power
  7023 | Temple   | Entered the Ecumenical Temple
  7671 | D:7      | Noticed Joseph
  7996 | D:7      | Noticed Pikel
  7998 | D:7      | Reached XP level 9. HP: 68/68 MP: 13/13
  8363 | D:7      | Killed Joseph
  8604 | D:7      | Noticed Crazy Yiuf
  8615 | D:7      | Killed Crazy Yiuf
  9201 | D:7      | Killed Pikel
  9201 | D:7      | Reached skill level 5 in Armour
  9201 | D:7      | Reached skill level 7 in Invocations
  9201 | D:7      | Reached skill level 5 in Evocations
 10225 | D:8      | Reached skill level 5 in Long Blades
 10225 | D:8      | Reached skill level 5 in Dodging
 10225 | D:8      | Reached XP level 10. HP: 48/76 MP: 15/15
 10260 | D:8      | Noticed a three-headed hydra
 10284 | D:8      | Killed a three-headed hydra
 10439 | D:8      | Reached skill level 8 in Invocations
 10480 | D:8      | Found a shattered altar of Ashenzari.
 11517 | D:8      | Found a glowing golden altar of the Shining One.
 11721 | D:8      | Found a blossoming altar of Fedhas.
 11721 | D:8      | Found a shadowy altar of Dithmenos.
 11735 | D:8      | Found a white marble altar of Elyvilon.
 11967 | D:9      | Found an opulent altar of Gozag.
 12435 | D:9      | Got a brightly glowing hand axe
 12436 | D:9      | Identified the +3 hand axe of a sewer {freeze, rElec rF- MP+9 Str-2} (You found it on level 9 of the Dungeon)
 12460 | D:9      | Found a shimmering altar of Xom.
 12479 | D:9      | Noticed Psyche
 12493 | D:9      | Killed Psyche
 13093 | D:10     | Entered Level 10 of the Dungeon
 13615 | D:10     | Reached XP level 11. HP: 76/84 MP: 17/17
 13713 | D:10     | Found a stormy altar of Qazlal.
 14176 | D:10     | Got a brightly glowing robe
 14187 | D:10     | Identified the +4 robe "Teluer" {rN+ MP+9 Dex+4} (You found it on level 10 of the Dungeon)
 14630 | D:11     | Reached skill level 9 in Invocations
 14637 | D:11     | Noticed a hill giant
 14659 | D:11     | Killed a hill giant
 14674 | D:11     | Found a staircase to the Lair.
 14710 | Lair:1   | Entered Level 1 of the Lair of Beasts
 14958 | Lair:1   | Found a labyrinth entrance.
 14998 | Lab      | Entered a labyrinth
 15642 | Lab      | Starved to death

Action                   |  1- 3 |  4- 6 |  7- 9 | 10-12 || total
-------------------------+-------+-------+-------+-------++-------
Melee: Falchion          |   159 |    58 |   203 |   438 ||   858
       Dagger            |       |   113 |   542 |   380 ||  1035
 Fire: Blowgun           |       |       |       |    26 ||    26
Throw: Tomahawk          |    12 |     2 |     1 |     4 ||    19
       Javelin           |       |       |    11 |    14 ||    25
Invok: Depart the Abyss  |     1 |       |       |       ||     1
       Bend Space        |       |     4 |       |     2 ||     6
       Banish            |       |       |       |     1 ||     1
 Abil: Evoke Berserk Rag |       |     1 |     1 |     5 ||     7
Evoke: Wand              |       |       |       |    30 ||    30
  Use: Scroll            |     7 |     2 |    11 |     9 ||    29
       Potion            |       |     2 |       |     2 ||     4
 Stab: Distracted        |     1 |       |       |       ||     1
       Invisible         |       |       |       |     1 ||     1
  Eat: Chunk             |     5 |     5 |    21 |    13 ||    44
       Royal jelly       |       |     1 |       |     1 ||     2
       Beef jerky        |       |       |     1 |     2 ||     3
       Fruit             |       |       |       |     2 ||     2
       Pizza             |       |       |       |     1 ||     1
